 Dungeon Crawl Stone Soup version 0.30-a0-393-g54b8e3be05 (webtiles) character file.

Game seed: 17249969491426015830

56 arthad the Insei (level 3, -1/24 HPs)
             Began as an Octopode Transmuter on Dec 6, 2022.
             Slain by a gnoll
             ... wielding a +0 club
              (7 damage)
             ... on level 2 of the Dungeon.
             The game lasted 00:02:21 (820 turns).

arthad the Insei (Octopode Transmuter)               Turns: 820, Time: 00:02:21

Health: -1/24      AC:  1    Str:  9    XL:     3   Next: 97%
Magic:  5/6        EV: 14    Int: 17    God:
Gold:   94         SH:  0    Dex: 18    Spells: 5/6 levels left

rFire   . . .      SeeInvis .      - Unarmed
rCold   + . .      Faith    .    (no shield)
rNeg    . . .      Spirit   .    (helmet currently unavailable)
rPois   .          Reflect  .    (no amulet)
rElec   .          Harm     .    e - +6 ring of dexterity
rCorr   .          Rampage  .    i - ring of willpower
Will    +....                    f - ring of protection from cold
Stlth   +++.......               (no ring)
HPRegen 0.24/turn                (no ring)
MPRegen 0.10/turn                (no ring)
                                 (no ring)
                                 (no ring)

@: appendages
A: tentacle spike 3, almost no armour, amphibious, 8 rings, camouflage 1,
gelatinous body 1, (nimble swimmer 1), tentacles
a: End Transformation


You were on level 2 of the Dungeon.
One of your tentacles had grown a beastly spike.
You visited 1 branch of the dungeon, and saw 2 of its levels.

You collected 94 gold pieces.

Inventory:

Magical Staves
 g - a staff of poison
Jewellery
 e - a +6 ring of dexterity (left tentacle)
 f - a ring of protection from cold (on tentacle)
 i - a ring of willpower (right tentacle)
Scrolls
 b - a scroll of vulnerability {unknown}
 c - 3 scrolls of identify {unknown}
 d - a scroll of enchant armour {unknown}
 j - a scroll of amnesia {unknown}
Potions
 a - a potion of lignification
 h - a potion of heal wounds {unknown}
 k - a potion of magic {unknown}


   Skills:
 * Level 1.7 Fighting
 + Level 2.4 Dodging
 + Level 0.7 Stealth
 * Level 3.4 Unarmed Combat
 * Level 2.4 Spellcasting
 * Level 2.5 Transmutations


You had 5 spell levels left.
You knew the following spells:

 Your Spells              Type           Power      Damage    Failure   Level
a - Beastly Appendage     Tmut           20%        N/A       7%          1

Your spell library contained the following spells:

 Spells                   Type           Power      Damage    Failure   Level
 Wereblood                Tmut           10%        N/A       10%         2
 Spider Form              Tmut/Pois      6%         N/A       32%         3
 Ice Form                 Ice/Tmut       6%         N/A       73%         4


Dungeon Overview and Level Annotations

Branches:
Dungeon (2/15)

Altars:


Innate Abilities, Weirdness & Mutations

One of your tentacles has grown a beastly spike.
You cannot wear most types of armour.
You are amphibious.
You can wear up to eight rings at the same time.
Your skin changes colour to match your surroundings (Stealth+).
Your rubbery body absorbs attacks. (AC +1, EV +1)
((You are camouflaged when in or above water. (Stealth+)))
You have tentacles for arms and can constrict up to eight enemies at once.


Message History

The hobgoblin closely misses you.
You tentacle-slap the hobgoblin. You squeeze the hobgoblin.
You kill the hobgoblin!
A gnoll comes into view. It is wielding a +0 club.
The gnoll misses you.
You tentacle-slap the gnoll. Your grab misses the gnoll. You squeeze the gnoll!
You kill the gnoll!
A gnoll comes into view. It is wielding a +0 club.
You see here a +0 spear.
A gnoll is nearby!
Casting: Beastly Appendage (safe; 7% risk of failure)
Press: ? - help, Q - select action Dir - look around, f - activate One of your tentacles grows a vicious spike.
A gnoll comes into view. It is wielding a +0 flail.
The gnoll shouts!
The gnoll closely misses you.
You tentacle-slap the gnoll but do no damage.
You grab the gnoll.
You pierce the gnoll.
The gnoll is lightly wounded.
You constrict the gnoll. The gnoll closely misses you.
You tentacle-slap the gnoll. You squeeze the gnoll!
The gnoll is severely wounded.
You constrict the gnoll, but do no damage.
The gnoll hits you with a +0 club. x2
You are too injured to fight recklessly!
You are too injured to fight recklessly!
You tentacle-slap the gnoll.
You kill the gnoll!
The gnoll barely misses you.
You tentacle-slap the gnoll. You grab the gnoll.
You pierce the gnoll, but do no damage.
You squeeze the gnoll.
The gnoll is severely wounded.
You constrict the gnoll.
A bat comes into view.
The gnoll closely misses you. The gnoll hits you with a +0 flail.
* * * LOW HITPOINT WARNING * * *
You tentacle-slap the gnoll.
You kill the gnoll!
The bat closely misses you. The gnoll hits you with a +0 club!
You die...

##....................
#..####...####........
#.#..##.#.##...†....##
#....#.###.####)######
###...### #.# #.# #
#.....# .# #.# #
#.....# # #.# #
#.)..!# #.#### #
###@..# #....# #
#bg...# #....###
..###.# ###.......
##.# .#........... ...
#########... ... #...
... #... ##... #...
#...


You could see a gnoll and a bat.

Vanquished Creatures
  3 gnolls (D:2)
  An adder (D:2)
  A dart slug (D:1)
  2 bats (D:1)
  An endoplasm (D:1)
  A goblin (D:1)
  5 hobgoblins
  2 kobolds
  4 ball pythons
  2 frilled lizards (D:1)
  7 rats
29 creatures vanquished.

Notes
Turn   | Place    | Note
-------+----------+-------------------------------------------
     0 | D:1      | arthad the Octopode Transmuter began the quest for the Orb.
     0 | D:1      | Reached XP level 1. HP: 13/13 MP: 3/3
   120 | D:1      | Reached XP level 2. HP: 18/18 MP: 5/5
   518 | D:1      | Found a faded altar of an unknown god.
   762 | D:2      | Reached XP level 3. HP: 21/23 MP: 6/6
   820 | D:2      | Slain by a gnoll

Illustrated notes

Levels and vault maps discovered:
D:1:      lightli_iron_boxes, layout_loops_ring,
          hellmonk_ecumenical_altar_inner_sanctum
D:2:      layout_basic, serial_shops, shop, basic_altar, hex_intersection,
          hangedman_decor_slide_cut

Action                   || total
-------------------------++-------
Melee: Unarmed           ||    59
       Constrict         ||    15
       Tentacles         ||    10
       Kick              ||     6
       Punch             ||     2
 Cast: Beastly Appendage ||     4
 Stab: Sleeping          ||     8
Armor: Skin              ||     6
Dodge: Dodged            ||    43

Table legend: (Time is in decaauts)
 A = Elapsed time spent in this place.
 B = Non-inter-level travel time spent in this place.
 C = Inter-level travel time spent in this place.
 D = Time resting spent in this place.
 E = Time spent auto-exploring this place.
 F = Levels seen in this place.
 G = Mean time per level.
                   A        B        C        D        E       F      G
               +--------+--------+--------+--------+--------+-----+--------+
         Total |    815 |    791 |     24 |      0 |    596 |   2 |  407.5 |
       Dungeon |    815 |    791 |     24 |      0 |    596 |   2 |  407.5 |
               +--------+--------+--------+--------+--------+-----+--------+

Top non-repeatable levels by time:
     D:1: 726 daAuts
     D:2: 88 daAuts
